 Dungeon Crawl Stone Soup version 0.20.0-4-g10b340a (webtiles) character file.

908 Rrauwl the Cudgeler (level 7, 0/52 HPs)
             Began as a Mummy Chaos Knight on May 28, 2017.
             Was an Initiate of Dithmenos.
             Slain by a hellwing (6 damage)
             ... created by the fury of Makhleb
             ... on level 5 of the Dungeon.
             The game lasted 00:20:06 (165818 turns).

Rrauwl the Cudgeler (Mummy Chaos Knight)          Turns: 165818, Time: 00:20:06

Health: 0/52       AC: 15    Str: 20    XL:     7   Next: 81%
Magic:  7/7        EV: 11    Int: 13    God:    Dithmenos [......]
Gold:   143        SH:  0    Dex: 14    Spells: 6/6 levels left

rFire    x . .     SeeInvis .   a - +6 mace "Lob Igos" {protect, MR++ Int+2 Dex+2}
rCold    + . .     Gourm    .   (no shield)
rNeg     + + +     Faith    .   k - +0 acid dragon scales
rPois    ∞         Spirit   .   (no helmet)
rElec    .         Reflect  .   (no cloak)
rCorr    +         Harm     .   e - +1 pair of gloves {Str+3}
MR       ++...                  (no boots)
Stlth    +.........             (no amulet)
Regen    0.2/turn               f - ring of flight (curse)
MPRegen  0.1/turn               d - ring of resist corrosion

@: protection aura, very slow
A: no food or potions, fire vulnerability, cold resistance 1, negative energy
resistance 3, torment resistance, unbreathing
a: Renounce Religion, Evoke Flight


You were on level 5 of the Dungeon.
You worshipped Dithmenos.
Dithmenos was noncommittal.
You were not hungry.

You visited 2 branches of the dungeon, and saw 6 of its levels.

You collected 222 gold pieces.
You spent 79 gold pieces at shops.

Inventory:

Hand Weapons
 a - the +6 mace "Lob Igos" (weapon) {protect, MR++ Int+2 Dex+2}
   (You found it on level 4 of the Dungeon)

   It protects the one who uses it against injury (+AC on strike).
   It affects your intelligence (+2).
   It affects your dexterity (+2).
   It affects your resistance to hostile enchantments.
Armour
 e - a +1 pair of gloves of strength (worn)
 k - +0 acid dragon scales (worn)
Jewellery
 d - a ring of resist corrosion (right hand)
 f - a cursed ring of flight (left hand)
 g - an uncursed ring of stealth
Scrolls
 b - a scroll of recharging
 c - 5 scrolls of identify
 h - a scroll of amnesia
 i - a scroll of teleportation
 j - a scroll of magic mapping
 l - a scroll of enchant armour


   Skills:
 - Level 3.0 Fighting
 + Level 7.7 Maces & Flails
 - Level 2.0 Armour
 - Level 1.0 Dodging


You had 6 spell levels left.
You didn't know any spells.

Dungeon Overview and Level Annotations

Branches:
Dungeon (5/15)             Temple (1/1) D:5

Altars:
Ashenzari
Cheibriados
Dithmenos
Elyvilon
Fedhas
Gozag
Kikubaaqudgha
Makhleb
Nemelex Xobeh
Okawaru
Qazlal
Sif Muna
Trog
Vehumet
Xom
Zin
The Shining One

Shops:
D:4 *??(   D:5 [


Innate Abilities, Weirdness & Mutations

You do not eat or drink.
Your flesh is vulnerable to fire.
You are immune to poison.
Your flesh is cold resistant. (rC+)
You are immune to negative energy. (rN+++)
You are immune to unholy pain and torment.
You can survive without breathing.


Message History

You hit the hellwing but do no damage.
The hellwing is lightly wounded.
The hellwing barely misses you.
The hellwing hits you but does no damage.
You hit the hellwing but do no damage.
The hellwing hits you but does no damage.
The hellwing barely misses you.
You hit the hellwing.
The hellwing is lightly wounded.
The hellwing hits you!
* * * LOW HITPOINT WARNING * * *
The hellwing hits you.
* * * LOW HITPOINT WARNING * * *
Unknown command.
You hit the hellwing.
The hellwing is lightly wounded.
The hellwing hits you.
* * * LOW HITPOINT WARNING * * *
The hellwing hits you.
You die...

#..(...........###...............
!.#####........##....)...........
..# ####..#####.........^......
... ####...##......|...........
.... ............................
#.####.#####.....................
#.# #.....>................ #..
##......4..........)..## ##.
.......@.............###
###.....................#
................)#.....#
...............#...###..
.#........#.....#..'∩#..
........>###....#..###..
..#.............#.......
.###...#.####...##...... #####.#
#....#......


You could see a hellwing.

Vanquished Creatures
  An ogre (D:3)
  3 hounds
  3 orc priests
  3 orc wizards
  A worker ant (D:5)
  A worker ant zombie (D:5)
  5 gnolls
  5 adders
  An ooze (D:4)
  3 adder skeletons
  2 worms (D:2)
  2 dart slugs (D:1)
  3 leopard geckos
  16 orcs
  7 giant cockroaches
  8 goblins
  11 hobgoblins
  10 jackals
  A quokka (D:3)
  A ball python (D:3)
  4 bats
  8 frilled lizards
  11 kobolds
  A leopard gecko skeleton (D:4)
  A quokka skeleton (D:5)
  A quokka zombie (D:4)
  3 rats
116 creatures vanquished.

Vanquished Creatures (collateral kills)
  A sky beast (D:5)
  An ogre (D:5)
  A phantom (D:5)
  A scorpion (D:5)
  A crimson imp (D:5)
  A worker ant (D:5)
  An adder (D:5)
  2 orcs (D:5)
  2 jackals (D:5)
  A quokka skeleton (D:5)
12 creatures vanquished.

Vanquished Creatures (others)
  2 gnolls (D:2)
  A leopard gecko (D:2)
3 creatures vanquished.

Grand Total: 131 creatures vanquished

Notes
Turn   | Place    | Note
-------+----------+-------------------------------------------
     0 | D:1      | Rrauwl the Mummy Chaos Knight began the quest for the Orb.
     0 | D:1      | Reached XP level 1. HP: 18/18 MP: 1/1
    13 | D:1      | XOM: harmless Hex miscast
    98 | D:1      | Reached skill level 1 in Dodging
   134 | D:1      | Reached XP level 2. HP: 21/24 MP: 2/2
   699 | D:2      | Reached skill level 3 in Maces & Flails
   713 | D:2      | Reached XP level 3. HP: 29/29 MP: 3/3
   890 | D:2      | XOM: divination: detect items
  1103 | D:2      | Reached XP level 4. HP: 9/35 MP: 4/4
  1103 | D:2      | XOM: destruction
  1233 | D:2      | XOM: scenery: create altars
  1281 | D:2      | XOM: mild Erth miscast
  1459 | D:2      | XOM: divination: detect items
  1480 | D:2      | XOM: scenery: 1 doors open, 1 doors close
  1574 | D:2      | XOM: cloud trail
  1723 | D:2      | Reached skill level 4 in Maces & Flails
  1779 | D:3      | Found a shattered altar of Ashenzari.
  1801 | D:3      | Noticed an ogre
  1805 | D:3      | Killed an ogre
  1805 | D:3      | Reached XP level 5. HP: 41/41 MP: 5/5
  1836 | D:3      | XOM: cloud trail
  2115 | D:3      | Reached skill level 5 in Maces & Flails
  2173 | D:3      | XOM: divination: detect items
  2174 | D:3      | XOM: scenery: create altars
  2661 | D:3      | XOM: butterfly on damage
  2664 | D:3      | Reached XP level 6. HP: 25/47 MP: 6/6
  3128 | D:3      | XOM: god gift: pair of runed gloves {god gift}
  3219 | D:4      | Found Xuziam's Magic Scroll Shop.
  3220 | D:4      | Got an encrusted mace
  3221 | D:4      | Identified the +6 mace "Lob Igos" {protect, MR++ Int+2 Dex+2} (You found it on level 4 of the Dungeon)
  3270 | D:4      | Found Boul's Magic Scroll Boutique.
  3278 | D:4      | Bought a scroll of magic mapping for 35 gold pieces
  3311 | D:4      | Found a shadowy altar of Dithmenos.
  3317 | D:4      | Found a blossoming altar of Fedhas.
  3441 | D:4      | Found Qupoak's Weapon Shoppe.
  3597 | D:4      | Reached skill level 6 in Maces & Flails
  3633 | D:4      | XOM: 5-stop teleportation journey
  3673 | D:4      | Found Kigatoet's Assorted Antiques.
  3679 | D:4      | Bought a scroll labeled TASOYTUEFU for 22 gold pieces
  3679 | D:4      | Bought a scroll labeled TASOYTUEFU for 22 gold pieces
  3736 | D:5      | Entered Level 5 of the Dungeon
  3736 | D:5      | Noticed a sky beast
  3837 | D:5      | XOM: summons 2 friendly demons
  3846 | D:5      | Reached XP level 7. HP: 46/52 MP: 7/7
  3875 | D:5      | XOM: snakes to sticks
  3892 | D:5      | XOM: polymorph worker ant -> adder
  3895 | D:5      | XOM: summons 3 friendly demons
  3905 | D:5      | XOM: cast spell 'Summon Mana Viper'
  3907 | D:5      | Reached skill level 7 in Maces & Flails
  4071 | D:5      | Found a stormy altar of Qazlal.
  4097 | D:5      | Found an iron altar of Okawaru.
  4182 | D:5      | Found Ruilidui's Armour Shoppe.
  4213 | D:5      | XOM: medium Summ miscast
  4214 | D:5      | Noticed a sixfirhy
  4222 | D:5      | XOM: 1-stop teleportation journey
  4243 | D:5      | Found a staircase to the Ecumenical Temple.
  4252 | Temple   | Entered the Ecumenical Temple
  4361 | Temple   | XOM: god gift: 5 steel javelins
  4366 | Temple   | Fell from the grace of Xom
  4366 | Temple   | Became a worshipper of Sif Muna the Loreminder
 14227 | Temple   | Fell from the grace of Sif Muna
111151 | Temple   | Became a worshipper of Nemelex Xobeh the Trickster
111163 | Temple   | Fell from the grace of Nemelex Xobeh
111163 | Temple   | Became a worshipper of Cheibriados the Contemplative
111206 | Temple   | Fell from the grace of Cheibriados
111206 | Temple   | Became a worshipper of Kikubaaqudgha
111227 | Temple   | Fell from the grace of Kikubaaqudgha
111227 | Temple   | Became a worshipper of Warmaster Okawaru
111247 | Temple   | Fell from the grace of Okawaru
111247 | Temple   | Became a worshipper of Vehumet
111254 | Temple   | Fell from the grace of Vehumet
111254 | Temple   | Became a worshipper of Makhleb the Destroyer
111339 | Temple   | Fell from the grace of Makhleb
111339 | Temple   | Became a worshipper of Trog the Wrathful
114641 | Temple   | Fell from the grace of Trog
165727 | D:5      | Became a worshipper of Qazlal Stormbringer
165757 | D:4      | Fell from the grace of Qazlal
165757 | D:4      | Became a worshipper of Dithmenos the Shadowed
165805 | D:5      | Noticed a hellwing
165818 | D:5      | Slain by a hellwing

Skill      XL: |  1  2  3  4  5  6  7 |
---------------+----------------------+-----
Dodging        | 1 |  1.0
Armour         | 2 |  2.0
Maces & Flails | 3 4 5 6 7 |  7.7
Fighting       | |  3.0

Action                   |  1- 3 |  4- 6 |  7- 9 || total
-------------------------+-------+-------+-------++-------
Melee: Mace              |   100 |   228 |    59 ||   387
  Use: Scroll            |     4 |     5 |       ||     9
 Stab: Sleeping          |     3 |     6 |       ||     9
       Distracted        |       |     1 |       ||     1
Armor: Leather armour    |    38 |    53 |       ||    91
       Acid dragon scale |       |    24 |    19 ||    43
Dodge: Dodged            |    76 |   146 |    40 ||   262
